 Dungeon Crawl Stone Soup version 0.31-a0-175-g9f7f995f2b (webtiles) character file.

Game seed: 14943406891728625306

627 qw the Shooter (level 7, 0/66 HPs)
             Began as a Naga Hunter on June 16, 2023.
             Slain by a jelly (3 damage)
             ... on level 6 of the Dungeon.
             The game lasted 00:01:04 (3027 turns).

qw the Shooter (Naga Hunter)                        Turns: 3027, Time: 00:01:05

Health: 0/66       AC:  3    Str: 14    XL:     7   Next: 47%
Magic:  7/7        EV:  9    Int:  9    God:
Gold:   234        SH:  0    Dex: 16    Spells: 6/6 levels left

rFire   . . .        l - +0 shortbow (heavy)
rCold   . . .        (shield currently unavailable)
rNeg    . . .        c - +0 leather armour
rPois   +            (no helmet)
rElec   .            (no cloak)
rCorr   .            (no gloves)
SInv    +            (no barding)
Will    .....        (no amulet)
Stlth   ++           (no ring)
HPRegen 0.31/turn    (no ring)
MPRegen 0.10/turn

%: no passive effects
@: very slow
A: AC +2, large, see invisible, deformed body, poison resistance, slowness 2,
spit poison 1, naga tail 1
a: Spit Poison


You were on level 6 of the Dungeon.
You visited 1 branch of the dungeon, and saw 5 of its levels.

You collected 234 gold pieces.


Innate Abilities, Weirdness & Mutations

Your serpentine skin is tough. (AC +2)
You have supernaturally acute eyesight. (SInv)
Armour fits poorly on your strangely shaped body.
Your system is resistant to poisons. (rPois)
You cover ground very slowly.
You can spit poison.
You have a snake-like lower body.


   Skills:
 - Level 4.8 Fighting
 - Level 7.0 Ranged Weapons
 + Level 1.5 Dodging
 - Level 1.5 Stealth


You had 6 spell levels left.
You didn't know any spells.
Your spell library was empty.

Inventory:

Hand Weapons
 l - a +0 heavy shortbow (weapon)
Armour
 c - a +0 leather armour (worn)
Jewellery
 m - a ring of positive energy
 n - a ring of willpower
Scrolls
 a - a scroll of identify
 b - a scroll of noise {unknown}
 d - a scroll of amnesia {unknown}
 k - a scroll of enchant weapon {unknown}
Potions
 e - a potion of might
 f - a potion of degeneration {unknown}
 g - a potion of enlightenment {unknown}
 h - a potion of brilliance {unknown}
 i - 3 potions of curing
 j - 2 potions of mutation {unknown}

Dungeon Overview and Level Annotations

Branches:
Dungeon (6/15)
 Temple: D:4-7

Altars:
Makhleb

Shops:
D:2 :

Annotations:
D:2 1 runed translucent door, Crazy Yiuf


Message History

The jelly quivers.
You shoot an arrow. The arrow hits the jelly!
The jelly is heavily wounded.
You shoot an arrow. The arrow hits the jelly!
You kill the jelly!
Your Ranged Weapons skill increases to level 7!
Found 3 stones and a leather armour.
A jelly comes into view.
You shoot an arrow. The arrow hits the jelly.
The jelly quivers.
The jelly is lightly wounded.
An ice beast comes into view.
You shoot an arrow.
The arrow completely misses the ice beast.
The jelly jiggles.
You shoot an arrow.
The arrow completely misses the ice beast.
The ice beast barely misses you. The ice beast hits you.
The ice beast freezes you!
You shoot an arrow. The arrow closely misses the ice beast.
The arrow hits the jelly.
The jelly is moderately wounded.
The ice beast hits you. The ice beast freezes you!
You shoot an arrow. The arrow hits the ice beast!
The ice beast is heavily wounded.
The ice beast hits you. The ice beast freezes you. The ice beast hits you.
The ice beast freezes you!
You shoot an arrow. The arrow hits the ice beast!
The ice beast is almost dead.
The ice beast hits you but does no damage.
The ice beast hits you. The ice beast freezes you.
You shoot an arrow. The arrow closely misses the ice beast.
The arrow hits the jelly.
The jelly is heavily wounded.
You hear the slow rusting of a very distant drain.
The ice beast hits you. The ice beast freezes you.
You shoot an arrow. The arrow hits the ice beast.
You kill the ice beast!
The jelly hits you.
You die...

. .# ..# [.. #########
.. . #.......#
####(#..?. #.####<.#
#.@J......
####.....#.####.#####.##
......#.#........### ##
####..#>##.###.....# ..
##.........# #...#.##.#
##.##.####.# #........#
##.##.####. #.#...####
........... #.##..#
##.######## #.##).#


You could see a jelly.

Vanquished Creatures
  Sigmund (D:6)
  Edmund (D:4)
  An ice beast (D:6)
  2 scorpions
  A jelly (D:6)
  An iguana (D:3)
  4 gnolls (D:4)
  7 adders
  A worm (D:2)
  5 dart slugs
  An orc (D:3)
  12 ball pythons
  6 bats
  4 endoplasms
  3 giant cockroaches
  9 goblins
  9 hobgoblins
  4 kobolds
  3 quokkas
  A frilled lizard (D:2)
  8 rats
84 creatures vanquished.

Notes
Turn   | Place    | Note
-------+----------+-------------------------------------------
     0 | D:1      | qw the Naga Hunter began the quest for the Orb.
     0 | D:1      | Reached XP level 1. HP: 19/19 MP: 1/1
     0 | D:1      | 0 ||| qw: Version: 0.2-a-29-g511e9b1
     0 | D:1      | 0 ||| qw: Game counter: 5882
     0 | D:1      | 0 ||| qw: Always use a shield: true
     0 | D:1      | 0 ||| qw: God list: Okawaru
     0 | D:1      | 0 ||| qw: Allow faded altars: false
     0 | D:1      | 0 ||| qw: Do Orc after D:15 true
     0 | D:1      | 0 ||| qw: Do second Lair branch before Depths: true
     0 | D:1      | 0 ||| qw: Lair rune preference: random
     0 | D:1      | 0 ||| qw: Plans: Normal
     0 | D:1      | 0 ||| PLANNING D:1-11
    20 | D:1      | 20 ||| INVOKING Spit Poison.
    37 | D:1      | 37 ||| INVOKING Spit Poison.
    44 | D:1      | 44 ||| INVOKING Spit Poison.
    82 | D:1      | Reached skill level 4 in Ranged Weapons
    82 | D:1      | Reached XP level 2. HP: 26/26 MP: 2/2
    91 | D:1      | 91 ||| INVOKING Spit Poison.
    94 | D:1      | 94 ||| INVOKING Spit Poison.
   123 | D:1      | 123 ||| INVOKING Spit Poison.
   181 | D:1      | 181 ||| INVOKING Spit Poison.
   257 | D:1      | 257 ||| INVOKING Spit Poison.
   273 | D:1      | 273 ||| INVOKING Spit Poison.
   283 | D:1      | Reached XP level 3. HP: 32/32 MP: 3/3
   327 | D:1      | 327 ||| INVOKING Spit Poison.
   628 | D:1      | 628 ||| INVOKING Spit Poison.
   687 | D:1      | 687 ||| READING 2 scrolls labelled CATITOQYENK.
   688 | D:1      | 688 ||| READING scroll labelled VOM TECSAK.
   691 | D:1      | 691 ||| READING scroll labelled UGHINE RY BYE.
   692 | D:1      | 692 ||| READING scroll labelled IDURIJU JOUBB.
   693 | D:1      | 693 ||| READING scroll labelled NEEHOE YMOMO.
   694 | D:1      | 694 ||| DRINKING 3 sedimented clear potions.
   695 | D:1      | 695 ||| DROPPING scroll of butterflies.
   740 | D:2      | 740 ||| INVOKING Spit Poison.
   744 | D:2      | 744 ||| INVOKING Spit Poison.
   752 | D:2      | 752 ||| INVOKING Spit Poison.
   767 | D:2      | 767 ||| INVOKING Spit Poison.
   789 | D:2      | 789 ||| INVOKING Spit Poison.
   792 | D:2      | Identified the +7 whip of Gehenna {freeze, rF++ Int+3}
   807 | D:2      | 807 ||| INVOKING Spit Poison.
   810 | D:2      | 810 ||| FLEEEEING.
   811 | D:2      | 811 ||| INVOKING Spit Poison.
   846 | D:2      | 846 ||| INVOKING Spit Poison.
   851 | D:2      | 851 ||| INVOKING Spit Poison.
   897 | D:2      | Reached skill level 5 in Ranged Weapons
   897 | D:2      | Reached XP level 4. HP: 39/39 MP: 4/4
   903 | D:2      | 903 ||| INVOKING Spit Poison.
   906 | D:2      | 906 ||| INVOKING Spit Poison.
   909 | D:2      | 909 ||| INVOKING Spit Poison.
   913 | D:2      | 913 ||| INVOKING Spit Poison.
   916 | D:2      | 916 ||| INVOKING Spit Poison.
   921 | D:2      | 921 ||| INVOKING Spit Poison.
   944 | D:2      | Found Zimpos's Book Shop.
   976 | D:2      | 976 ||| INVOKING Spit Poison.
   995 | D:2      | 995 ||| INVOKING Spit Poison.
  1020 | D:2      | Found a runed translucent door.
  1021 | D:2      | Noticed Crazy Yiuf
  1131 | D:2      | 1131 ||| READING scroll labelled ICOFEGG ODOLU.
  1132 | D:2      | 1132 ||| READING scroll labelled CAGHYF GUKAPPOB.
  1133 | D:2      | 1133 ||| DRINKING 3 emerald potions.
  1204 | D:3      | 1204 ||| INVOKING Spit Poison.
  1236 | D:3      | 1236 ||| INVOKING Spit Poison.
  1239 | D:3      | 1239 ||| INVOKING Spit Poison.
  1366 | D:3      | 1366 ||| INVOKING Spit Poison.
  1469 | D:3      | 1469 ||| INVOKING Spit Poison.
  1485 | D:3      | Found a burning altar of Makhleb.
  1514 | D:3      | 1514 ||| INVOKING Spit Poison.
  1518 | D:3      | Reached skill level 3 in Fighting
  1559 | D:3      | 1559 ||| INVOKING Spit Poison.
  1570 | D:3      | 1570 ||| INVOKING Spit Poison.
  1588 | D:3      | 1588 ||| INVOKING Spit Poison.
  1591 | D:3      | 1591 ||| INVOKING Spit Poison.
  1593 | D:3      | Reached XP level 5. HP: 47/49 MP: 5/5
  1614 | D:3      | 1614 ||| INVOKING Spit Poison.
  1618 | D:3      | 1618 ||| INVOKING Spit Poison.
  1622 | D:3      | 1622 ||| INVOKING Spit Poison.
  1674 | D:3      | 1674 ||| INVOKING Spit Poison.
  1678 | D:3      | 1678 ||| INVOKING Spit Poison.
  1681 | D:3      | 1681 ||| INVOKING Spit Poison.
  1773 | D:3      | 1773 ||| INVOKING Spit Poison.
  1824 | D:3      | 1824 ||| INVOKING Spit Poison.
  2030 | D:3      | 2030 ||| DROPPING +6 ring of intelligence.
  2031 | D:3      | 2031 ||| READING scroll labelled CUSUDO ROANY.
  2032 | D:3      | 2032 ||| READING scroll labelled QIOSTROU FINOU.
  2133 | D:3      | 2133 ||| READING 3 scrolls of identify.
  2133 | D:3      | 2133 ||| IDENTIFYING inky potion
  2134 | D:3      | 2134 ||| READING 2 scrolls of identify.
  2134 | D:3      | 2134 ||| IDENTIFYING fuming cyan potion
  2135 | D:3      | 2135 ||| DROPPING potion of berserk rage.
  2163 | D:4      | 2163 ||| INVOKING Spit Poison.
  2168 | D:4      | 2168 ||| INVOKING Spit Poison.
  2169 | D:4      | 2169 ||| STAIRDANCE
  2172 | D:3      | 2172 ||| INVOKING Spit Poison.
  2173 | D:3      | Reached skill level 6 in Ranged Weapons
  2272 | D:4      | 2272 ||| INVOKING Spit Poison.
  2275 | D:4      | 2275 ||| INVOKING Spit Poison.
  2277 | D:4      | Reached XP level 6. HP: 54/56 MP: 6/6
  2289 | D:4      | 2289 ||| INVOKING Spit Poison.
  2293 | D:4      | Noticed Edmund
  2295 | D:4      | 2295 ||| INVOKING Spit Poison.
  2298 | D:4      | HP: 10/57 [Edmund/+4 flail of venom (5)]
  2299 | D:4      | 2299 ||| DRINKING 2 potions of heal wounds.
  2300 | D:4      | Killed Edmund
  2303 | D:4      | HP: 11/60 [poisoned by Edmund]
  2639 | D:4      | 2639 ||| INVOKING Spit Poison.
  2643 | D:4      | 2643 ||| INVOKING Spit Poison.
  2670 | D:4      | 2670 ||| INVOKING Spit Poison.
  2730 | D:4      | 2730 ||| INVOKING Spit Poison.
  2735 | D:4      | 2735 ||| INVOKING Spit Poison.
  2737 | D:4      | 2737 ||| Stepping ~*~*~tactically~*~*~ (outnumbered).
  2738 | D:4      | 2738 ||| INVOKING Spit Poison.
  2743 | D:4      | 2743 ||| INVOKING Spit Poison.
  2745 | D:4      | HP: 10/60 [gnoll/+0 spear (9)]
  2746 | D:4      | 2746 ||| DRINKING 2 potions of heal wounds.
  2747 | D:4      | 2747 ||| INVOKING Spit Poison.
  2749 | D:4      | Reached XP level 7. HP: 21/66 MP: 7/7
  2772 | D:4      | 2772 ||| INVOKING Spit Poison.
  2774 | D:4      | HP: 16/66 [gnoll/+2 spear of freezing (1)]
  2775 | D:4      | 2775 ||| DRINKING potion of heal wounds.
  2777 | D:4      | 2777 ||| INVOKING Spit Poison.
  2917 | D:4      | You fall into a shaft and drop 2 floors!
  2919 | D:6      | 2919 ||| PLANNING SEWER
  2990 | D:6      | Noticed Sigmund
  2991 | D:6      | 2991 ||| INVOKING Spit Poison.
  2994 | D:6      | 2994 ||| INVOKING Spit Poison.
  2994 | D:6      | Killed Sigmund
  3011 | D:6      | Reached skill level 7 in Ranged Weapons
  3025 | D:6      | HP: 11/66 [ice beast (6)]
  3026 | D:6      | HP: 3/66 [ice beast (6)]
  3027 | D:6      | Slain by a jelly

Levels and vault maps discovered:
D:1:      mrwooster_arrival_statue_3, layout_basic, minmay_domino_2
D:2:      layout_rooms, serial_shops, shop, item_on_display_a,
          uniq_crazy_yiuf_cottage
D:3:      layout_basic, amcnicky_altar_gilded, minmay_starry_boxes
D:4:      layout_loops_ring, serial_rivers, chequers_serial_rivers_micro_d,
          chequers_serial_rivers_small_3, chequers_serial_rivers_small_a,
          chequers_serial_rivers_large_b, chequers_serial_rivers_room_a,
          chequers_serial_rivers_room_a, uniq_edmund
D:6:      layout_loops_cross, cheibrodos_sewer_entry_bend, minmay_hedge_maze,
          uniq_sigmund

Skill      XL: |  1  2  3  4  5  6  7 |
---------------+----------------------+-----
Ranged Weapons | 4 5 6 7 |  7.0
Fighting       | 3 4 |  4.8
Dodging        | |  1.5
Stealth        | |  1.5

Action                     |  1- 3 |  4- 6 |  7- 9 || total
---------------------------+-------+-------+-------++-------
   Fire: Shortbow          |    57 |    76 |    16 ||   149
Ability: Spit Poison       |    20 |    41 |     4 ||    65
    Use: Scroll            |     5 |     6 |       ||    11
         Potion            |     1 |     3 |     1 ||     5
 Armour: Leather armour    |     3 |    18 |     2 ||    23
  Dodge: Dodged            |     7 |    41 |     4 ||    52

Table legend:
 A = Non-vault XP
 B = Vault XP
 C = Vault XP percentage of total XP
 D = Non-vault monster count
 E = Vault monster count
 F = Vault count percentage of total count
                 A         B        C        D         E       F
            +---------+---------+-------+---------+---------+-------
      Total |     620 |     405 |  39.5 |      75 |       9 |  10.7
            +---------+---------+-------+---------+---------+-------
        D:1 |      41 |       2 |   4.7 |      19 |       2 |   9.5
        D:2 |      66 |       0 |   0.0 |      25 |       0 |   0.0
        D:3 |     176 |      20 |  10.2 |      15 |       5 |  25.0
        D:4 |     166 |     169 |  50.4 |      14 |       1 |   6.7
        D:6 |     171 |     214 |  55.6 |       2 |       1 |  33.3
            +---------+---------+-------+---------+---------+-------
